 Dungeon Crawl Stone Soup version 0.25.0-11-g1f837a76a1 (webtiles) character file.

Game seed: 16945613494728231465

1093 Delamore the Basher (level 8, 0/46 HPs)
             Began as a Gargoyle Fighter on June 24, 2020.
             Was a Believer of Okawaru.
             Slain by a quokka (2 damage)
             ... on level 5 of the Dungeon.
             The game lasted 00:06:26 (5640 turns).

Delamore the Basher (Gargoyle Fighter)              Turns: 5640, Time: 00:06:26

Health: 0/46       AC: 15    Str: 21    XL:     8   Next: 31%
Magic:  0/8        EV:  5    Int: 10    God:    Okawaru [**....]
Gold:   251        SH:  9    Dex:  9    Spells: 7/7 levels left

rFire    . . .     SeeInvis .   a - +0 flail
rCold    . . .     Gourm    .   c - +0 kite shield
rNeg     + . .     Faith    .   v - +0 chain mail
rPois    ∞         Spirit   +   (no helmet)
rElec    +         Reflect  .   p - +0 cloak
rCorr    .         Harm     .   (no gloves)
MR       .....                  (no boots)
Stlth    ..........             o - amulet of guardian spirit
HPRegen  0.15/turn              (no ring)
MPRegen  0.11/turn              (no ring)

@: no status effects
A: negative energy resistance 1, electricity resistance, unbreathing,
petrification resistance, rot immunity, AC +5
a: Heroism, Renounce Religion


You were on level 5 of the Dungeon.
You worshipped Okawaru.
Okawaru was pleased with you.
You were not hungry.

You visited 1 branch of the dungeon, and saw 5 of its levels.

You collected 251 gold pieces.

Inventory:

Hand Weapons
 a - a +0 flail (weapon)
 u - a +1 morningstar of draining
Missiles
 e - 4 javelins (quivered)
 j - 9 poisoned darts
Armour
 b - a +0 scale mail
 c - a +0 kite shield (worn)
 p - a +0 cloak (worn)
 v - a +0 chain mail (worn)
Jewellery
 o - an amulet of guardian spirit (around neck)
Scrolls
 g - a scroll of noise {unknown}
 i - 3 scrolls of identify {unknown}
 k - 2 scrolls of fog
 l - a scroll of amnesia {unknown}
 n - a scroll of enchant weapon {unknown}
 s - a scroll of magic mapping {unknown}
 t - a scroll of remove curse
 w - a scroll of immolation {unknown}
Potions
 d - a potion of might
 h - a potion of flight
 m - a potion of lignification
 q - a potion of ambrosia {unknown}
 x - 2 potions of resistance {unknown}
 A - a potion of stabbing {unknown}
Comestibles
 f - 6 rations
 r - 8 chunks of flesh


   Skills:
 - Level 3.2 Fighting
 + Level 9.7 Maces & Flails
 - Level 3.2 Armour
 - Level 3.2 Shields


You had 7 spell levels left.
You didn't know any spells.
Your spell library was empty.

Dungeon Overview and Level Annotations

Branches:
Dungeon (5/15)
 Temple: D:4-7

Altars:
Elyvilon
Hepliaklqana
Kikubaaqudgha
Okawaru
Trog
Wu Jian
Yredelemnul
The Shining One


Innate Abilities, Weirdness & Mutations

You are resistant to torment.
Your stone body is resilient. (AC +5)
You are immune to poison.
You resist negative energy. (rN+)
You are resistant to electric shocks. (rElec)
You can survive without breathing.
You are immune to petrification.
You are immune to rotting.


Message History

You hit the centaur.
The centaur is almost dead.
The centaur hits you but does no damage.
The centaur hits you.
* * * LOW HITPOINT WARNING * * *
You block the quokka's attack. The orc hits you but does no damage.
You hit the centaur but do no damage.
The centaur is almost dead.
The centaur hits you but does no damage.
You block the centaur's attack.
The quokka bites you but does no damage.
The centaur hits you.
* * * LOW HITPOINT WARNING * * *
The centaur hits you but does no damage.
You block the orc's attack.
You hit the centaur.
You kill the centaur!
Okawaru accepts your kill. The centaur barely misses you. The quokka bites you.
You die...

#####............
........................
........................
........................
........................
.####...................
## ##........§§§§§.....
# ##.....#.§§c§§..... #
#.....# #§@o§# # #.....#
##r§§## ## #.....#
##o§§.# .#
#.....###.....## .##
#................. ..#
##.........####...#
..####......##### #..#
...##.....### ..#
...#.....## .#


You could see a centaur, 2 orcs and a quokka.

Vanquished Creatures
  Grinder (D:4)
  A sky beast (D:5)
  A phantom (D:4)
  An ogre (D:5)
  A centaur (D:5)
  A crimson imp (D:4)
  2 jellies (D:5)
  2 orc priests (D:5)
  3 orc wizards
  Natasha (thrice) (D:4)
  3 worker ants (D:5)
  A worker ant zombie (D:5)
  2 gnolls
  3 adders (D:4)
  A dart slug (D:3)
  6 leopard geckos
  23 orcs
  2 ball pythons
  9 giant cockroaches
  3 goblins
  9 hobgoblins
  7 jackals
  2 quokkas
  7 bats
  3 frilled lizards
  A giant cockroach zombie (D:5)
  A jackal zombie (D:5)
  5 kobolds
  9 rats
113 creatures vanquished.

Notes
Turn   | Place    | Note
-------+----------+-------------------------------------------
     0 | D:1      | Delamore the Gargoyle Fighter began the quest for the Orb.
     0 | D:1      | Reached XP level 1. HP: 14/14 MP: 1/1
   301 | D:1      | Reached skill level 3 in Maces & Flails
   301 | D:1      | Reached XP level 2. HP: 13/19 MP: 2/2
   595 | D:1      | Reached XP level 3. HP: 22/23 MP: 3/3
  1413 | D:2      | Found a bloodstained altar of Trog.
  1572 | D:2      | Found an iron altar of Okawaru.
  1588 | D:2      | Reached skill level 4 in Maces & Flails
  1606 | D:2      | Became a worshipper of Warmaster Okawaru
  1845 | D:3      | Reached XP level 4. HP: 28/28 MP: 4/4
  2084 | D:3      | Found an ornate altar of the Wu Jian Council.
  2151 | D:3      | Found a hazy altar of Hepliaklqana.
  2572 | D:3      | Found a glowing golden altar of the Shining One.
  2600 | D:3      | Reached skill level 5 in Maces & Flails
  2600 | D:3      | Reached XP level 5. HP: 14/32 MP: 1/5
  2932 | D:3      | Found a basalt altar of Yredelemnul.
  2934 | D:3      | Noticed a profane servitor
  2994 | D:3      | Noticed an angel
  3081 | D:4      | Noticed Grinder
  3109 | D:4      | Paralysed by Grinder for 6 turns
  3278 | D:4      | Paralysed by Grinder for 2 turns
  3283 | D:4      | Paralysed by Grinder for 6 turns
  3299 | D:4      | Paralysed by Grinder for 3 turns
  3585 | D:4      | Paralysed by Grinder for 2 turns
  3592 | D:4      | Paralysed by Grinder for 5 turns
  3604 | D:4      | Paralysed by Grinder for 4 turns
  3614 | D:4      | Killed Grinder
  3614 | D:4      | Reached skill level 6 in Maces & Flails
  3614 | D:4      | Reached XP level 6. HP: 25/37 MP: 4/6
  3785 | D:4      | Noticed Natasha
  3788 | D:4      | Killed Natasha
  3899 | D:4      | Reached skill level 7 in Maces & Flails
  3906 | D:4      | Noticed Natasha
  3928 | D:4      | Killed Natasha
  4249 | D:4      | Noticed Natasha
  4259 | D:4      | Killed Natasha
  4259 | D:4      | Reached XP level 7. HP: 35/41 MP: 5/7
  4446 | D:5      | Entered Level 5 of the Dungeon
  4452 | D:5      | Reached * piety under Okawaru
  4495 | D:4      | Reached skill level 8 in Maces & Flails
  4927 | D:5      | Found an ancient bone altar of Kikubaaqudgha.
  5044 | D:5      | HP: 2/61 [orc wizard/magic dart (2)]
  5319 | D:5      | Found a white marble altar of Elyvilon.
  5334 | D:5      | Reached skill level 9 in Maces & Flails
  5334 | D:5      | Reached XP level 8. HP: 46/46 MP: 8/8
  5625 | D:5      | Reached ** piety under Okawaru
  5639 | D:5      | HP: 2/46 [centaur (4)]
  5640 | D:5      | Slain by a quokka

Illustrated notes

Levels and vault maps discovered:
D:1:      dpeg_arrival_round_c, layout_loops_ring
D:2:      layout_loops_cross, lemuel_doored_altar, okawaru_altar_gauntlet_db
D:3:      layout_loops_corners, grunt_temple_overflow_holy_war,
          lemuel_coloured_pillars_altar, nicolae_overflow_crystal_walls,
          kennysheep_potato
D:4:      layout_loops_ring, first_ration, st_stairs_14, uniq_grinder,
          uniq_natasha
D:5:      layout_layer_cave, kennysheep_mini_moat, kiku_gazebo_pond_becter,
          minmay_manual_moon

Skill      XL: |  1  2  3  4  5  6  7 |
---------------+----------------------+-----
Maces & Flails | 3 4 5 6 7 9 |  9.7
Fighting       | |  3.2
Armour         | |  3.2
Shields        | |  3.2

Action                   |  1- 3 |  4- 6 |  7- 9 || total
-------------------------+-------+-------+-------++-------
Melee: Flail             |   153 |   163 |   186 ||   502
       Morningstar       |       |    33 |       ||    33
Throw: Dart              |       |     9 |     1 ||    10
       Javelin           |       |     2 |     4 ||     6
  Use: Scroll            |       |     2 |     1 ||     3
       Potion            |       |       |     4 ||     4
  Eat: Chunk             |     3 |     8 |     5 ||    16
Armor: Scale mail        |    82 |    59 |       ||   141
       Chain mail        |       |    64 |   166 ||   230
       Skin              |       |       |    16 ||    16
Dodge: Dodged            |    51 |    42 |    54 ||   147
Block: Kite shield       |    76 |   100 |   140 ||   316
